 Dungeon Crawl Stone Soup version 0.17-a0-1133-gfb1399f (webtiles) character file.

146 Fluffy the Skirmisher (level 5, -6/48 HPs)
             Began as a Hill Orc Fighter on May 25, 2015.
             Killed by nerve-wracking pain
             ... invoked by an orc priest
              (13 damage)
             ... on level 3 of the Dungeon.
             The game lasted 00:06:18 (2475 turns).

Fluffy the Skirmisher (Hill Orc Fighter)            Turns: 2475, Time: 00:06:18

Health: -6/48      AC: 10    Str: 19    XL:     5   Next: 28%
Magic:  5/5        EV:  5    Int:  8    God:
Gold:   178        SH:  9    Dex: 11    Spells: 0 memorised, 4 levels left

rFire  . . .     SeeInvis .     a - +0 war axe
rCold  . . .     Clarity  .     f - +0 chain mail
rNeg   + . .     SustAt   .     c - +0 shield
rPois  .         Gourm    .     (no helmet)
rElec  .         Spirit   .     (no cloak)
rCorr  .         Warding  +     (no gloves)
rMut   .         Stasis   .     o - +0 pair of boots
MR     .....                    g - amulet of warding
Stlth  ..........               (no ring)
                                (no ring)

@: not resistant to hostile enchantments, extremely unstealthy
A: no striking features
a: Convert to Beogh


You were on level 3 of the Dungeon.
You were not hungry.

You visited 1 branch of the dungeon, and saw 3 of its levels.

You collected 178 gold pieces.

Inventory:

Hand weapons
 a - a +0 war axe (weapon)
Armour
 c - a +0 shield (worn)
 f - a +0 chain mail (worn)
 o - a +0 pair of boots (worn)
Jewellery
 g - an amulet of warding (around neck)
Scrolls
 j - 3 scrolls of amnesia {unknown}
 k - a scroll of enchant weapon {unknown}
 m - 3 scrolls of identify {unknown}
 n - a scroll of noise {unknown}
 q - 2 scrolls of teleportation {unknown}
 r - a scroll of immolation {unknown}
 s - a scroll of enchant armour {unknown}
Potions
 d - a potion of might
Comestibles
 e - 3 bread rations
 h - a meat ration
 i - a slice of pizza
 l - a fruit
 p - a beef jerky
 t - 3 chunks of flesh


   Skills:
 + Level 5.1 Fighting
 + Level 4.1 Axes
 + Level 4.7 Armour
 - Level 3.2 Shields


You had 4 spell levels left.
You didn't know any spells.

Dungeon Overview and Level Annotations

Branches:
Dungeon (3/15)

Altars:
Fedhas


Message History

The orc priest mumbles some strange prayers to Beogh against you.
Something smites you!
You closely miss the orc priest.
The orc priest is almost dead.
You block the orc priest's attack.
Your shield prevents you from hitting the orc priest.
The orc priest is almost dead.
The orc priest threatens, "By the altar or by the axe, you will meet Beogh!"
The orc priest invokes the aid of Beogh against you.
Something smites you!
* * * LOW HITPOINT WARNING * * *
Your shield and chain mail prevent you from hitting the orc priest.
The orc priest is almost dead.
The orc priest hits you with an enchanted trident.
* * * LOW HITPOINT WARNING * * *
The giant cockroach bites you.
* * * LOW HITPOINT WARNING * * *
The orc priest mumbles some strange prayers to Beogh against you.
Pain shoots through your body!
You die...

. .## #.# .## ... #.#
####...# #.#
#.#############.......
#.# #.##......)([)(.#
#.#
#.##.#####.####@###.##
#.# #.##.#
#.#..os†....# ####.#
#.##.# #.#.##.#....#
#.....
#.##.#####........##$#
#.####
#...............#.# .#
####.#
##...#####.#.##.#.##.#
#..††#
#..........#...#..#.#
#.##.#
###..######.#.##.#..#.#
#.##.# #.....#
#.#.........# #.##.. ..


You could see an orc priest and a giant cockroach.

Vanquished Creatures
  5 adders
  2 oozes
  6 worms (D:2)
  9 orcs (D:3)
  7 bats
  2 giant cockroaches (D:1)
  4 goblins
  6 hobgoblins
  12 kobolds
  A quokka (D:2)
  A ball python (D:2)
  2 giant geckos (D:3)
  5 giant newts
  10 rats
72 creatures vanquished.

Notes
Turn   | Place    | Note
--------------------------------------------------------------
     0 | D:1      | Fluffy the Hill Orc Fighter began the quest for the Orb.
     0 | D:1      | Reached XP level 1. HP: 19/19 MP: 1/1
   183 | D:1      | Reached XP level 2. HP: 24/27 MP: 2/2
   299 | D:1      | Reached skill level 4 in Fighting
   609 | D:1      | Reached XP level 3. HP: 31/33 MP: 3/3
  1422 | D:2      | Reached XP level 4. HP: 41/41 MP: 4/4
  1776 | D:2      | Found a blossoming altar of Fedhas.
  2317 | D:3      | Reached XP level 5. HP: 42/47 MP: 5/5
  2326 | D:3      | Reached skill level 5 in Fighting
  2475 | D:3      | Killed from afar by an orc priest

Vault maps used:
D:1:      wheals_arrival_linesprint
D:2:      lemuel_round_altar, first_bread, serial_bayou, serial_bayou_lake_a,
          serial_bayou_ford_a, serial_bayou_lagoon_a, serial_bayou_lagoon_b
D:3:      minmay_hedge_maze

Action                   |  1- 3 |  4- 6 || total
-------------------------+-------+-------++-------
Melee: War axe           |    98 |   102 ||   200
  Use: Potion            |       |     2 ||     2
  Eat: Chunk             |     2 |     4 ||     6
